 Dungeon Crawl Stone Soup version 0.27-a0-1193-g8631133539 (webtiles) character file.

Game seed: 5104475875862639789

558 Froggeryz the Cudgeller (level 7, -4/41 HPs)
             Began as a Gargoyle Delver on May 25, 2021.
             Was an Initiate of Okawaru.
             Slain by an ogre
             ... wielding a +0 giant club
              (13 damage)
             ... on level 5 of the Dungeon.
             The game lasted 00:06:36 (6210 turns).

Froggeryz the Cudgeller (Gargoyle Delver)           Turns: 6210, Time: 00:06:37

Health: -4/41      AC: 18    Str: 18    XL:     7   Next: 31%
Magic:  7/7        EV: 10    Int: 10    God:    Okawaru [......]
Gold:   113        SH:  0    Dex: 11    Spells: 6/6 levels left

rFire    . . .     SeeInvis +   a - +0 mace
rCold    + . .     Faith    .   (no shield)
rNeg     + . .     Spirit   .   n - +0 scale mail
rPois    ∞         Reflect  .   m - +1 helmet
rElec    +         Harm     .   p - +0 cloak
rCorr    .         Rampage  .   (no gloves)
Will     .....                  t - +2 pair of boots
Stlth    +.........             (no amulet)
HPRegen  0.13/turn              k - ring of see invisible
MPRegen  0.10/turn              r - ring of protection from cold

@: no status effects
A: sickness immunity, AC +4, negative energy resistance 1, electricity
resistance, torment resistance 1, petrification resistance
a: Renounce Religion


You were on level 5 of the Dungeon.
You worshipped Okawaru.
Okawaru was noncommittal.
You visited 2 branches of the dungeon, and saw 5 of its levels.

You collected 139 gold pieces.
You spent 26 gold pieces at shops.

Inventory:

Hand Weapons
 a - a +0 mace (weapon)
Armour
 m - a +1 helmet (worn)
 n - a +0 scale mail (worn)
 p - a +0 cloak (worn)
 t - a +2 pair of boots (worn)
Jewellery
 k - a ring of see invisible (left hand)
 r - a ring of protection from cold (right hand)
Wands
 g - a wand of digging (3)
Scrolls
 b - a scroll of enchant weapon {unknown}
 c - 2 scrolls of fog
 d - a scroll of magic mapping
 e - a scroll of fear
 h - 3 scrolls of blinking {unknown}
 l - 2 scrolls of identify {unknown}
 o - a scroll of teleportation
 q - a scroll of noise {unknown}
Potions
 f - 2 potions of haste
 i - a potion of ambrosia {unknown}
 j - a potion of lignification {unknown}
 s - a potion of heal wounds {unknown}
 u - a potion of curing {unknown}


   Skills:
 - Level 3.2 Fighting
 * Level 7.2 Maces & Flails
 + Level 3.1 Armour
 - Level 1.5 Dodging
 - Level 5.4 Stealth


You had 6 spell levels left.
You didn't know any spells.
Your spell library was empty.

Dungeon Overview and Level Annotations

Branches:
Dungeon (5/15)             Temple (1/1) D:4

Altars:
Ashenzari
Cheibriados
Dithmenos
Elyvilon
Fedhas
Gozag
Hepliaklqana
Nemelex Xobeh
Okawaru
Qazlal
Sif Muna
Trog
Uskayaw
Wu Jian
Xom
The Shining One

Shops:
D:2 ::!*[

Annotations:
D:5 exclusion: 2 doors, Edmund


Innate Abilities, Weirdness & Mutations

You are immune to sickness and miasma.
Your stone body is resilient. (AC +4)
You are immune to poison.
You resist negative energy. (rN+)
You are resistant to electric shocks. (rElec)
You are resistant to unholy torment.
You are immune to petrification.


Message History

Okawaru accepts your kill.
No target in view!
No target in view!
No target in view!
No target in view!
No target in view!
No target in view!
No target in view!
No target in view!
Things that are here:
a jackal corpse; a jackal corpse You see here a +2 pair of boots.
t - a +2 pair of boots You start putting on your armour.
You continue putting on your +2 pair of boots. x4
You finish putting on your +2 pair of boots.
Things that are here:
a jackal corpse; a jackal corpse
Found 9 arrows.
Found a stone staircase leading down.
u - a puce potion No target in view!
No target in view!
l - 2 scrolls labelled HICODE LEDDU (gained 1)
An ogre comes into view. It is wielding a +0 giant club.
The ogre shouts!
An ogre is nearby!
An ogre is nearby!
The ogre hits you with a +0 giant club.
Okay, then.
Okay, then.
Okay, then.
Okay, then.
You barely miss the ogre. The ogre hits you with a +0 giant club!
You completely miss the ogre. The ogre hits you with a +0 giant club.
You hit the ogre but do no damage. The ogre hits you with a +0 giant club!
* * * LOW HITPOINT WARNING * * *
You hit the ogre.
The ogre is lightly wounded.
The ogre hits you with a +0 giant club!
You die...

.##.......# #..
#...#####
.#######.## #.#
#...# # ...# #.# ###
#...# .#.# # #..
..#####.### .#.#
#.#.###.##
#.#.......#
................
#.#.###.#.###
##..#..##......#
#.#.###..††.## #..#
.#
#.#####.#.##........
...# ..
#.O@............###.
##.# #.
####.........##.####
.# #..##............
.. #..##......#.###.
###..###.#.#.#.# #.
#..............# #.
#.#.#.######.### #.
#.#.#.# #.....# #.
#.#.#.# #.....# #.


You could see an ogre.

Vanquished Creatures
  A black bear (D:5)
  A scorpion (D:4)
  A hound (D:5)
  A gnoll shaman (D:3)
  2 centaur skeletons
  3 orc wizards
  A hound skeleton (D:5)
  9 gnolls
  4 adders
  2 adder skeletons
  2 worms
  7 orcs
  7 endoplasms
  3 giant cockroaches
  6 goblins
  4 hobgoblins
  4 jackals (D:5)
  4 quokkas
  2 ball pythons
  2 frilled lizards
  10 kobolds
  A rat (D:2)
77 creatures vanquished.

Notes
Turn   | Place    | Note
-------+----------+-------------------------------------------
     0 | D:5      | Froggeryz the Gargoyle Delver began the quest for the Orb.
     0 | D:5      | Reached XP level 1. HP: 14/14 MP: 1/1
    11 | D:5      | Noticed a hound
    26 | D:5      | Killed a hound
    27 | D:5      | Reached skill level 3 in Maces & Flails
    27 | D:5      | Reached XP level 2. HP: 3/19 MP: 2/2
    27 | D:5      | Reached XP level 3. HP: 3/23 MP: 3/3
   375 | D:5      | Found a hazy altar of Hepliaklqana.
   380 | D:5      | Found a bloodstained altar of Trog.
   385 | D:5      | Found a snail-covered altar of Cheibriados.
   454 | D:4      | Reached skill level 4 in Maces & Flails
   454 | D:4      | Reached XP level 4. HP: 16/28 MP: 4/4
   827 | D:2      | Found Icigax's Distillery.
   827 | D:2      | Found Vabupso's Book Emporium.
  1133 | D:2      | Found Ylu Cuemp's Antique Armour Shop.
  1323 | D:2      | Found Jatubet's Assorted Antiques.
  1436 | D:3      | Reached skill level 5 in Maces & Flails
  1436 | D:3      | Reached XP level 5. HP: 11/32 MP: 5/5
  1913 | D:2      | Bought a scroll labelled KECWAC YL BEA for 26 gold pieces
  2072 | D:2      | Found Banneof's Book Shop.
  2780 | D:3      | Reached skill level 1 in Armour
  2856 | D:3      | Reached XP level 6. HP: 23/37 MP: 6/6
  3168 | D:3      | Reached skill level 6 in Maces & Flails
  4958 | D:4      | Found a staircase to the Ecumenical Temple.
  5307 | Temple   | Entered the Ecumenical Temple
  5539 | Temple   | Became a worshipper of Warmaster Okawaru
  5758 | D:5      | Noticed a black bear
  5778 | D:5      | Killed a black bear
  5779 | D:5      | Reached skill level 7 in Maces & Flails
  5779 | D:5      | Reached XP level 7. HP: 23/41 MP: 7/7
  6029 | D:5      | Noticed Edmund
  6210 | D:5      | Slain by an ogre

Illustrated notes

Levels and vault maps discovered:
D:2:      layout_loops_corners, serial_shops,
          nicolae_shop_competitors_out_of_business, shop,
          nicolae_shop_temple_entry_statues_fountains, nicolae_shop_statue_plus,
          nicolae_shop_overgrown_old_shop
D:3:      layout_loops_ring, minivault_27, glass_columns_b, nrook_loot_triangle,
          minmay_misc_feat_diagonals
D:4:      layout_layer_cave, lemuel_temple_firewalk_a
D:5:      minmay_goblin_kobold_castle, layout_loops_cross,
          minmay_overflow_temple_star_quad, uniq_edmund
Temple:   nicolae_temple_figure_eight

Skill      XL: |  1  2  3  4  5  6  7 |
---------------+----------------------+-----
Maces & Flails | 3 4 5 7 |  7.2
Armour         | 1 2 3 |  3.1
Fighting       | |  3.2
Dodging        | |  1.5
Stealth        | |  5.4

Action                   |  1- 3 |  4- 6 |  7- 9 || total
-------------------------+-------+-------+-------++-------
Melee: Mace              |    36 |   334 |    25 ||   395
  Use: Scroll            |       |     3 |       ||     3
 Stab: Sleeping          |       |     5 |       ||     5
Armor: Leather armour    |    30 |    38 |       ||    68
       Scale mail        |       |   124 |    17 ||   141
Dodge: Dodged            |    28 |   181 |    10 ||   219

Table legend: (Time is in decaauts)
 A = Elapsed time spent in this place.
 B = Non-inter-level travel time spent in this place.
 C = Inter-level travel time spent in this place.
 D = Time resting spent in this place.
 E = Time spent auto-exploring this place.
 F = Levels seen in this place.
 G = Mean time per level.
                   A        B        C        D        E       F      G
               +--------+--------+--------+--------+--------+-----+--------+
         Total |   6269 |   5911 |    358 |   1629 |   3151 |   5 | 1253.8 |
       Dungeon |   6008 |   5701 |    307 |   1629 |   2944 |   4 | 1502.0 |
        Temple |    260 |    209 |     51 |      0 |    207 |   1 |  260.0 |
               +--------+--------+--------+--------+--------+-----+--------+

Top non-repeatable levels by time:
     D:2: 1888 daAuts
     D:3: 1705 daAuts
     D:4: 1287 daAuts
     D:5: 1127 daAuts
  Temple: 260 daAuts
